 Dungeon Crawl Stone Soup version 0.27-a0-1006-g1fd4cec11e (webtiles) character file.

Game seed: 6765591177909582845

110 siradein the Slasher (level 4, 0/35 HPs)
             Began as a Demonspawn Fighter on Apr 17, 2021.
             Slain by a gnoll
             ... wielding a +0 spear
              (5 damage)
             ... on level 3 of the Dungeon.
             The game lasted 00:04:59 (2858 turns).

siradein the Slasher (Demonspawn Fighter)           Turns: 2858, Time: 00:05:00

Health: 0/35       AC:  6    Str: 17    XL:     4   Next: 61%
Magic:  4/4        EV:  6    Int: 11    God:
Gold:   115        SH:  8    Dex: 13    Spells: 3/3 levels left

rFire    . . .     SeeInvis .   a - +0 long sword
rCold    . . .     Faith    .   c - +0 kite shield
rNeg     . . .     Spirit   .   b - +0 scale mail
rPois    .         Reflect  .   (no helmet)
rElec    .         Harm     .   (no cloak)
rCorr    .         Rampage  .   (no gloves)
Will     .....                  (no boots)
Stlth    ..........             (no amulet)
HPRegen  0.11/turn              (no ring)
MPRegen  0.18/turn              (no ring)

@: no status effects
A: magic regeneration, big brain 1
a: no special abilities


You were on level 3 of the Dungeon.
You visited 1 branch of the dungeon, and saw 3 of its levels.

You collected 115 gold pieces.

Inventory:

Hand Weapons
 a - a +0 long sword (weapon)
Missiles
 k - a throwing net (quivered)
 l - 8 silver javelins
Armour
 b - a +0 scale mail (worn)
 c - a +0 kite shield (worn)
Jewellery
 j - an amulet of magic regeneration
Scrolls
 e - a scroll of identify {unknown}
 h - 5 scrolls of blinking {unknown}
 i - a scroll of teleportation {unknown}
 m - a scroll of summoning {unknown}
Potions
 d - a potion of might
 f - 2 potions of haste {unknown}
 g - a potion of attraction {unknown}


   Skills:
 - Level 3.0 Fighting
 + Level 4.4 Long Blades
 - Level 2.6 Armour
 - Level 2.6 Shields


You had 3 spell levels left.
You didn't know any spells.
Your spell library was empty.

Dungeon Overview and Level Annotations

Branches:
Dungeon (3/15)

Altars:


Innate Abilities, Weirdness & Mutations

You regenerate magic rapidly.
You have an unusually large brain. (Int +2)


Message History

The frilled lizard unfolds its giant frill.
Items here: )) ††.
You barely miss the frilled lizard.
The frilled lizard bites you but does no damage.
You hit the frilled lizard.
You kill the frilled lizard!
The gnoll hits you but does no damage. x2
The gnoll barely misses you.
Items here: )) ††.
You closely miss the gnoll.
The gnoll is moderately wounded.
The gnoll completely misses you.
You closely miss the gnoll.
The gnoll is moderately wounded.
The gnoll barely misses you. The gnoll hits you with a +0 spear.
* * * LOW HITPOINT WARNING * * *
You hit the gnoll.
The gnoll is heavily wounded.
The gnoll barely misses you.
You riposte.
You hit the gnoll but do no damage.
The gnoll is heavily wounded.
You barely miss the gnoll.
The gnoll is heavily wounded.
The gnoll hits you but does no damage. You block the gnoll's attack.
You closely miss the gnoll.
The gnoll is heavily wounded.
You block the gnoll's attack.
Your shield prevents you from hitting the gnoll.
The gnoll is heavily wounded.
You block the gnoll's attack.
You barely miss the gnoll.
The gnoll is heavily wounded.
The gnoll hits you but does no damage. The gnoll hits you with a +0 spear!
* * * LOW HITPOINT WARNING * * *
You barely miss the gnoll.
The gnoll is heavily wounded.
You block the gnoll's attack.
You hit the gnoll but do no damage.
The gnoll is heavily wounded.
The gnoll hits you with a +0 spear.
You die...

#....##..#........#.###......
#....##.#.....#..##...###...#
#.)..#...........#......###.#
#...##..#....##.##..#.#...#)#
#.......#.#.....#.....##....#
#...###...####.##.##.......##
#.### ###...#..#..#........#
#. ##...##.#........## ..
###..@g.###..#..# ###
#####....##..## ###......#
###...## #.###.# #...#.#
###...# #####


You could see a gnoll.

Vanquished Creatures
  3 gnolls (D:2)
  2 adders
  3 dart slugs
  7 ball pythons
  5 endoplasms
  4 giant cockroaches
  4 goblins
  7 hobgoblins
  4 kobolds
  4 quokkas
  4 frilled lizards
  6 rats
53 creatures vanquished.

Notes
Turn   | Place    | Note
-------+----------+-------------------------------------------
     0 | D:1      | siradein the Demonspawn Fighter began the quest for the
                  | Orb.
     0 | D:1      | Reached XP level 1. HP: 18/18 MP: 1/1
    37 | D:1      | Reached skill level 2 in Long Blades
   377 | D:1      | Gained mutation: You have an unusually large brain. (Int
                  | +2) [demonic ancestry]
   377 | D:1      | Reached XP level 2. HP: 24/24 MP: 2/2
   995 | D:1      | Reached skill level 3 in Long Blades
  1365 | D:2      | Gained mutation: You regenerate magic rapidly. [demonic
                  | ancestry]
  1365 | D:2      | Reached XP level 3. HP: 29/29 MP: 3/3
  1806 | D:2      | Reached skill level 4 in Long Blades
  1806 | D:2      | Reached XP level 4. HP: 17/35 MP: 4/4
  2234 | D:2      | Found a faded altar of an unknown god.
  2858 | D:3      | Slain by a gnoll

Illustrated notes

Levels and vault maps discovered:
D:1:      nicolae_arrival_memento_mori, layout_loops_ring, minmay_misc_feat_five
D:2:      layout_loops_cross, shapermc_ecumenical_altar_venn
D:3:      minmay_skewed_foursquare, layout_rooms, serial_undead,
          serial_undead_f, serial_undead_b, serial_undead_f, serial_undead_a,
          mrwooster_statue_mirror, minmay_misc_feat_hallway,
          chequers_serial_rivers_small_3, kennysheep_generic_room_8, uniq_ijyb

Skill      XL: |  1  2  3 |
---------------+----------+-----
Long Blades    | 2 3 4 |  4.4
Fighting       | |  3.0
Armour         | |  2.6
Shields        | |  2.6

Action                   |  1- 3 |  4- 6 || total
-------------------------+-------+-------++-------
Melee: Long sword        |   110 |    65 ||   175
Armor: Scale mail        |    45 |    30 ||    75
Dodge: Dodged            |    24 |     9 ||    33
Block: Kite shield       |    52 |    31 ||    83
       Rpst.: Long sword |     6 |     1 ||     7

Table legend: (Time is in decaauts)
 A = Elapsed time spent in this place.
 B = Non-inter-level travel time spent in this place.
 C = Inter-level travel time spent in this place.
 D = Time resting spent in this place.
 E = Time spent auto-exploring this place.
 F = Levels seen in this place.
 G = Mean time per level.
                   A        B        C        D        E       F      G
               +--------+--------+--------+--------+--------+-----+--------+
         Total |   2942 |   2837 |    105 |     15 |   2218 |   3 |  980.7 |
       Dungeon |   2942 |   2837 |    105 |     15 |   2218 |   3 |  980.7 |
               +--------+--------+--------+--------+--------+-----+--------+

Top non-repeatable levels by time:
     D:2: 1373 daAuts
     D:1: 1362 daAuts
     D:3: 207 daAuts
